 Dungeon Crawl Stone Soup version 0.28-a0-662-g1651b1f1e0 (webtiles) character file.

Game seed: 14647377161261201331

5681 lawman0 the Covert (level 10, -4/74 HPs)
             Began as a Red Draconian Delver on Oct 15, 2021.
             Was a Priest of Hepliaklqana.
             Slain by a five-headed hydra (8 damage)
             ... on level 1 of the Lair of Beasts.
             The game lasted 00:17:03 (8112 turns).

lawman0 the Covert (Red Draconian Delver)           Turns: 8112, Time: 00:17:04

Health: -4/74      AC: 11    Str: 14    XL:     10   Next: 47%
Magic:  15/15      EV: 13    Int: 22    God:    Hepliaklqana [***...]
Gold:   496        SH: 10    Dex: 13    Spells: 4/15 levels left

rFire   + + .      SeeInvis +   a - +0 trident
rCold   . . .      Faith    .   t - +0 buckler
rNeg    . . .      Spirit   .   (armour unavailable)
rPois   .          Reflect  +   x - +3 crown of Dyrovepreva {rElec Int+2 SInv}
rElec   +          Harm     .   (no cloak)
rCorr   .          Rampage  .   (no gloves)
Will    .....                   g - +0 pair of boots
Stlth   ++++......              w - amulet of reflection
HPRegen 0.22/turn               l - +6 ring of intelligence
MPRegen 0.14/turn               z - ring of protection from fire

@: lethally poisoned (-4 -> -21)
A: reduced essence, breathe fire, AC +7, unfitting armour, fire resistance 1,
cold-blooded
a: Breathe Fire, Renounce Religion, Recall Ancestor, Ancestor Identity,
Transference


You were on level 1 of the Lair of Beasts.
You worshipped Hepliaklqana.
Hepliaklqana was most pleased with you.
You visited 3 branches of the dungeon, and saw 10 of its levels.

You collected 496 gold pieces.

Inventory:

Hand Weapons
 a - a +0 trident (weapon)
Missiles
 c - 4 javelins
 u - 2 boomerangs
 C - 2 curare-tipped darts
 D - 55 poisoned darts (quivered)
Armour
 g - a +0 pair of boots (worn)
 t - a +0 buckler (worn)
 x - the +3 crown of Dyrovepreva (worn) {rElec Int+2 SInv}
   (You found it on level 5 of the Dungeon)

   Int:       It affects your intelligence (+2).
   rElec:     It insulates you from electricity.
   SInv:      It lets you see invisible.
Jewellery
 l - a +6 ring of intelligence (left hand)
 v - a ring of ice
 w - an amulet of reflection (around neck)
 z - a ring of protection from fire (right hand)
Wands
 f - a wand of digging (3)
 y - a wand of polymorph (14)
Scrolls
 b - a scroll of fog
 d - 2 scrolls of fear
 k - 6 scrolls of vulnerability {unknown}
 o - 4 scrolls of teleportation
 p - 2 scrolls of magic mapping
 q - a scroll of silence {unknown}
 r - 3 scrolls of blinking {unknown}
 s - 2 scrolls of amnesia {unknown}
 B - a scroll of immolation {unknown}
 E - a scroll of enchant weapon
 F - a scroll of enchant armour
Potions
 e - a potion of haste
 h - 2 potions of curing
 i - 4 potions of heal wounds
 j - 2 potions of mutation
 m - a potion of flight
 n - 2 potions of ambrosia
 A - a potion of berserk rage {unknown}


   Skills:
 + Level 6.0 Fighting
 + Level 7.3 Polearms
 + Level 1.6 Throwing
 + Level 4.6 Dodging
 + Level 8.0 Stealth
 * Level 6.4 Shields
 + Level 3.4 Spellcasting
 * Level 1.9 Conjurations
 * Level 4.1 Hexes
 + Level 2.4 Summonings
 * Level 2.8 Necromancy
 + Level 3.3 Translocations
 + Level 2.4 Transmutations
 * Level 4.0 Fire Magic
 + Level 2.7 Invocations
 + Level 2.5 Evocations


You had 4 spell levels left.
You knew the following spells:

 Your Spells              Type           Power      Damage    Failure   Level
a - Tukima's Dance        Hex            22%        N/A       6%          3
b - Sticky Flame          Conj/Fire      16%        2d4       34%         4
c - Dispel Undead         Necr           16%        3d10      34%         4

Your spell library contained the following spells:

 Spells                   Type           Power      Damage    Failure   Level
 Sublimation of Blood     Necr           8%         N/A       5%          2
 Wereblood                Tmut           14%        N/A       6%          2
 Ensorcelled Hibernation  Hex/Ice        26%        N/A       8%          2
 Static Discharge         Conj/Air       8%         N/A       12%         2
 Summon Mana Viper        Hex/Summ       18%        N/A       63%         5
 Summon Forest            Summ/Tloc      8%         N/A       69%         5
 Summon Cactus Giant      Summ           7%         N/A       100%        6
 Summon Hydra             Summ           7%         N/A       100%        7


Dungeon Overview and Level Annotations

Branches:
Dungeon (8/15)             Temple (1/1) D:5            Lair (1/6) D:8

Altars:
Cheibriados
Dithmenos
Elyvilon
Gozag
Hepliaklqana
Makhleb
Nemelex Xobeh
Okawaru
Qazlal
Trog
Uskayaw
Vehumet
Wu Jian
Xom
Zin
The Shining One


Innate Abilities, Weirdness & Mutations

Your life essence is reduced to manifest your ancestor. (-10% HP)
You can breathe blasts of fire.
Your fiery red scales are hard. (AC +7)
You cannot fit into any form of body armour.
Your flesh is heat resistant. (rF+)
You are cold-blooded and may be slowed by cold attacks.


Message History

The komodo dragon hisses menacingly.
The wolf bites you but does no damage. The black mamba closely misses you.
Unknown command.
A komodo dragon comes into view.
The cane toad is no longer moving slowly.
The wolf bites you but does no damage. You block the black mamba's attack.
You block the wolf's attack. The black mamba bites you!
You are poisoned.
The black mamba poisons you!
Your surroundings suddenly seem different.
A five-headed hydra comes into view.
You feel very sick.
You feel very sick.
You feel very sick.
You feel sick.
You feel sick.
Ku-aya has departed this plane of existence.
You feel sick.
You feel sick.
You feel sick.
You feel sick.
You feel better.
The five-headed hydra roars!
You block the black mamba's attack. The black mamba bites you!
* * * LOW HITPOINT WARNING * * *
You are lethally poisoned!
The black mamba poisons you!
Okay, then.
You hit the five-headed hydra.
The five-headed hydra is lightly wounded.
* * * LOW HITPOINT WARNING * * *
You feel very sick. You block the black mamba's attack.
The five-headed hydra bites you!
* * * LOW HITPOINT WARNING * * *
The five-headed hydra closely misses you.
The five-headed hydra misses you.
The five-headed hydra closely misses you.
The five-headed hydra bites you!
You die...

## #....#
##.##...##
........#
........##
.........#
#...#...##
#####...#
#..DS#
##..@#
#....#
#...##
.....#
......P
........#
..###...#
## #...#


You could see a five-headed hydra and a black mamba.

Vanquished Creatures
  A hydra (Lair:1)
  Sigmund (D:6)
  A water moccasin (D:7)
  2 sky beasts
  2 ice beasts
  A black bear (D:5)
  3 centaurs
  2 ogres
  2 phantoms
  A bullfrog (Lair:1)
  A wyvern zombie (D:8)
  3 killer bees (D:8)
  4 wights
  A crimson imp (D:7)
  2 centaur zombies
  A hound (D:7)
  A bullfrog skeleton (D:5)
  2 iguanas
  An orc wizard (D:7)
  A hell rat (D:8)
  A hound skeleton (D:5)
  A howler monkey zombie (D:5)
  3 gnolls
  6 adders
  A river rat (D:8)
  2 dart slugs (D:1)
  9 orcs
  7 bats
  4 endoplasms
  2 giant cockroaches
  12 goblins
  2 hobgoblins (D:2)
  9 kobolds
  5 quokkas
  7 ball pythons
  2 frilled lizards
  4 rats
110 creatures vanquished.

Vanquished Creatures (collateral kills)
  Prince Ribbit (D:6)
  A wyvern (D:7)
  A yak (Lair:1)
  A water moccasin (D:7)
  A sky beast (D:7)
  An ogre (D:6)
  A phantom (D:6)
  2 kobold brigands
  A wight (D:8)
  A killer bee (D:8)
  A howler monkey (D:5)
  2 centaur zombies (D:5)
  A crimson imp (D:7)
  A bullfrog skeleton (D:6)
  2 centaur skeletons
  A hound (D:5)
  A jelly (D:6)
  2 killer bee zombies (D:7)
  3 gnolls
  3 adders
  A white imp (D:5)
  2 orcs
  A frilled lizard (D:3)
  2 kobolds
34 creatures vanquished.

Vanquished Creatures (others)
  A dancing weapon (D:8)
  6 hexers
  An ancestor (D:4)
  A fungus (Lair:1)
  A plant (Lair:1)
10 creatures vanquished.

Grand Total: 154 creatures vanquished

Notes
Turn   | Place    | Note
-------+----------+-------------------------------------------
     0 | D:5      | lawman0 the Draconian Delver began the quest for the Orb.
     0 | D:5      | Reached XP level 1. HP: 19/19 MP: 1/1
     3 | D:5      | Noticed a howler monkey
    42 | D:5      | Noticed a black bear
    56 | D:5      | Reached XP level 2. HP: 22/26 MP: 2/2
    56 | D:5      | Noticed a phantom
    57 | D:5      | Found a staircase to the Ecumenical Temple.
    82 | Temple   | Entered the Ecumenical Temple
   168 | Temple   | Became a worshipper of Hepliaklqana the Forgotten
   221 | D:5      | Reached skill level 5 in Stealth
   221 | D:5      | Reached XP level 3. HP: 18/31 MP: 3/3
   399 | D:5      | Reached XP level 4. HP: 10/40 MP: 4/4
  1537 | D:1      | Learned a level 3 spell: Tukima's Dance
  1931 | D:2      | Reached XP level 5. HP: 15/46 MP: 5/5
  2236 | D:2      | Reached * piety under Hepliaklqana
  3482 | D:4      | Noticed an ogre
  3517 | D:4      | Killed an ogre
  3518 | D:4      | Reached skill level 6 in Stealth
  3518 | D:4      | Reached XP level 6. HP: 38/46 MP: 6/6
  4029 | D:5      | Reached skill level 1 in Hexes
  4065 | D:5      | Reached skill level 1 in Shields
  4167 | D:5      | Found the +3 crown of Dyrovepreva {rElec Int+2 SInv}
  4219 | D:5      | sick
  4604 | D:5      | Noticed a sky beast
  4612 | D:5      | Your scales start taking on a fiery red colour.
  4612 | D:5      | Reached XP level 7. HP: 48/53 MP: 7/7
  4612 | D:5      | Gained mutation: Your flesh is heat resistant. (rF+) [Red
                  | Draconian growth]
  4835 | D:5      | Reached ** piety under Hepliaklqana
  4836 | D:5      | Remembered your ancestor Ku-aya as a hexer
  5203 | D:6      | Noticed Prince Ribbit
  5211 | D:6      | Killed Prince Ribbit
  5336 | D:6      | Reached XP level 8. HP: 60/60 MP: 8/8
  5375 | D:6      | Noticed Sigmund
  5392 | D:6      | Reached skill level 5 in Polearms
  5394 | D:6      | Killed Sigmund
  5421 | D:6      | Reached skill level 1 in Throwing
  5613 | D:6      | Reached skill level 7 in Stealth
  5761 | D:6      | oh
  5761 | D:6      | Reached skill level 5 in Fighting
  5761 | D:6      | Reached skill level 5 in Shields
  5761 | D:6      | Reached XP level 9. HP: 67/67 MP: 8/14
  6312 | D:7      | Reached XP level 10. HP: 71/74 MP: 15/15
  6377 | D:7      | Learned a level 4 spell: Sticky Flame
  6382 | D:7      | Learned a level 4 spell: Dispel Undead
  6537 | D:7      | Found an ornate altar of the Wu Jian Council.
  6591 | D:7      | Found a shimmering altar of Xom.
  6687 | D:7      | Identified the +7 plate armour "Asapiann" {Str+4}
  6908 | D:8      | Reached skill level 1 in Conjurations
  7034 | D:8      | Noticed a death yak
  7037 | D:8      | Noticed a death yak
  7037 | D:8      | Noticed a death yak
  7237 | D:8      | Reached *** piety under Hepliaklqana
  7337 | D:8      | Found a staircase to the Lair.
  7945 | Lair:1   | Entered Level 1 of the Lair of Beasts
  7949 | Lair:1   | Noticed a four-headed hydra
  7964 | Lair:1   | Killed a four-headed hydra
  7965 | Lair:1   | Reached skill level 8 in Stealth
  8020 | Lair:1   | Noticed a cane toad
  8088 | Lair:1   | Noticed a black mamba
  8093 | Lair:1   | Noticed a five-headed hydra
  8112 | Lair:1   | Slain by a five-headed hydra

Illustrated notes

* ##### ************** #....
,*,*,*,*,*,*,* ########### #....
*,*,*,*,*,,,,* #@R.......# #....
,*,*,*,*,,,,,###.........####....
*,*,*,>,*,...................†...
,*,*,*,*,*.#.###.........####....
,,*,*,*,*,,,,....#####.### #....
,,,*,*,*,,,,.....#####.##########
,,*,*,*,*,,Z.....##...........,,*
,*,*,*,*,*,#.#####..#.#...####*,*
*,*,*,*,*,*.#**#...*#.###...#**,.


Turn 4219 on D:5: sick ............# #.## #...........###..# .................#
##...........#### #..........# #..........# #..........# #..........#
##..@R....## #..........# #..........# #..........# #..........# #..........#
##........## ##......## Turn 5761 on D:6: oh

Levels and vault maps discovered:
D:1:      wander_arrival_fairy_ring, layout_basic, minmay_split_cup_small
D:2:      layout_basic
D:3:      layout_loops_cross
D:4:      layout_gridville, minmay_misc_feat_hallway
D:5:      minmay_skewed_foursquare, layout_basic, minmay_temple_entry_waves
D:6:      layout_rooms, uniq_prince_ribbit1, uniq_sigmund
D:7:      layout_basic, mainiacjoe_overflow_small_starburst, led_xom_imps,
          hangedman_decor_lopped, st_stairs_11
D:8:      layout_rooms, dpeg_lair_monsters
Temple:   eino_temple_lava
Lair:1:   layout_long_grid, grunt_megastairs_4

Skill      XL: |  1  2  3  4  5  6  7  8  9 10 |
---------------+-------------------------------+-----
Stealth        | 5 6 7 8 |  8.0
Dodging        | 2 3 4 |  4.6
Polearms       | 3 4 6 7 |  7.3
Fighting       | 4 5 6 |  6.0
Hexes          | 1 2 3 4 |  4.1
Shields        | 1 3 5 6 |  6.4
Throwing       | 1 |  1.6
Spellcasting   | 3 |  3.4
Summonings     | 2 |  2.4
Necromancy     | 2 |  2.8
Translocations | 3 |  3.3
Transmutations | 2 |  2.4
Fire Magic     | 3 4 |  4.0
Invocations    | 2 |  2.7
Evocations     | 2 |  2.5
Conjurations   | 1 |  1.9

Action                   |  1- 3 |  4- 6 |  7- 9 | 10-12 || total
-------------------------+-------+-------+-------+-------++-------
Melee: Spear             |    29 |   287 |    87 |       ||   403
       Tailslap          |     3 |    28 |    18 |     5 ||    54
       Trident           |       |       |    54 |    96 ||   150
Throw: Javelin           |       |     1 |       |       ||     1
       Boomerang         |       |     7 |    11 |     4 ||    22
       Dart              |       |       |       |     6 ||     6
 Cast: Tukima's Dance    |       |       |     1 |     3 ||     4
Invok: Ancestor Life: He |       |       |     1 |       ||     1
       Recall Ancestor   |       |       |       |     1 ||     1
 Abil: Breathe Fire      |       |       |    19 |    17 ||    36
Evoke: Wand              |       |       |     1 |     1 ||     2
  Use: Scroll            |     1 |     4 |     2 |     4 ||    11
       Potion            |       |     1 |     1 |     1 ||     3
 Stab: Sleeping          |       |    26 |     2 |     2 ||    30
       Distracted        |       |     2 |     5 |     3 ||    10
       Confused          |       |       |     3 |     3 ||     6
Armor: Skin              |     7 |    70 |    24 |    28 ||   129
Dodge: Dodged            |    21 |   136 |    44 |    68 ||   269
Block: Buckler           |       |    36 |    60 |    67 ||   163
       Reflection        |       |     1 |     2 |     2 ||     5

Table legend: (Time is in decaauts)
 A = Elapsed time spent in this place.
 B = Non-inter-level travel time spent in this place.
 C = Inter-level travel time spent in this place.
 D = Time resting spent in this place.
 E = Time spent auto-exploring this place.
 F = Levels seen in this place.
 G = Mean time per level.
                   A        B        C        D        E       F      G
               +--------+--------+--------+--------+--------+-----+--------+
         Total |   8098 |   7858 |    240 |   1306 |   4755 |  10 |  809.8 |
       Dungeon |   7836 |   7597 |    239 |   1292 |   4720 |   8 |  979.5 |
        Temple |     95 |     95 |      0 |      0 |      0 |   1 |   95.0 |
          Lair |    166 |    166 |      0 |     14 |     35 |   1 |  166.0 |
               +--------+--------+--------+--------+--------+-----+--------+

Top non-repeatable levels by time:
     D:5: 1741 daAuts
     D:8: 1054 daAuts
     D:7: 893 daAuts
     D:3: 889 daAuts
     D:4: 848 daAuts
     D:2: 842 daAuts
     D:6: 822 daAuts
     D:1: 745 daAuts
  Lair:1: 166 daAuts
  Temple: 95 daAuts
